 Dungeon Crawl Stone Soup version 0.17.0-24-gcfadda4 (console) character file.

59 gw the Skirmisher (level 3, -2/29 HPs)
             Began as a Mummy Chaos Knight on Nov 18, 2015.
             Killed by divine providence
             ... invoked by an orc priest
              (13 damage)
             ... on level 4 of the Dungeon.
             The game lasted 00:01:56 (2063 turns).

gw the Skirmisher (Mummy Chaos Knight)              Turns: 2063, Time: 00:01:56

Health: -2/29      AC:  9    Str: 15    XL:     3   Next: 78%
Magic:  3/3        EV:  6    Int: 11    God:    Xom [.*....]
Gold:   125        SH:  0    Dex: 12    Spells: 0 memorised, 2 levels left

rFire  x . .     SeeInvis .     a - +0 mace (chaos)
rCold  + . .     Clarity  .     g - +0 chain mail (curse)
rNeg   + + +     SustAt   .     (no shield)
rPois  ∞         Gourm    .     d - +0 helmet (curse)
rElec  .         Spirit   .     (no cloak)
rCorr  .         Warding  .     (no gloves)
rMut   .         Stasis   .     (no boots)
MR     .....                    (no amulet)
Stlth  ..........               (no ring)
                                (no ring)

@: not resistant to hostile enchantments, extremely unstealthy
A: no food or potions, fire vulnerability, cold resistance 1, negative energy
resistance 3, torment resistance, unbreathing
a: Renounce Religion


You were on level 4 of the Dungeon.
You worshipped Xom.
You were a plaything of Xom.
You were not hungry.

You visited 1 branch of the dungeon, and saw 3 of its levels.

You collected 125 gold pieces.

Inventory:

Hand Weapons
 a - a +0 mace of chaos (weapon)
Missiles
 f - 32 stones (quivered)
Armour
 b - a +0 plate armour
 d - a cursed +0 helmet (worn)
 g - a cursed +0 chain mail (worn)
Scrolls
 c - a scroll of identify
 h - a scroll of amnesia {unknown}
 i - a scroll of teleportation


   Skills:
 + Level 3.2 Fighting
 * Level 3.1 Maces & Flails
 + Level 1.1 Throwing
 + Level 2.1 Armour
 - Level 0.7 Dodging


You had 2 spell levels left.
You didn't know any spells.

Dungeon Overview and Level Annotations

Branches:
Dungeon (4/15)
 Temple: D:4-7

Altars:
Xom


Innate Abilities, Weirdness & Mutations

You do not eat or drink.
Your flesh is vulnerable to fire.
You are immune to poison.
Your flesh is cold resistant.
You are immune to negative energy.
You are immune to unholy pain and torment.
You can survive without breathing.


Message History

The stone hits the ice beast but does no damage.
The ice beast is moderately wounded.
A worker ant comes into view.
MOVING TO (4,-1)
An orc and an orc priest come into view.
The worker ant twitches its antennae in your direction.
The orc shouts!
The orc priest shouts!
The orc priest invokes the aid of Beogh against you.
Something smites you!
ATTACK MOVE TO (1,0)
An orc wizard comes into view. It is wielding a dagger.
You see here a stone.
ATTACK MOVE TO (1,0)
The orc wizard shouts!
The worker ant bites you.
Xom thinks this is hilarious!
The orc priest invokes the aid of Beogh against you.
Something smites you!
You die...
Xom chuckles heartily!

#....... #.#
#.....### ..#
#.......# #####
#...#.#.# .....
#....<..#
###########.....#
................#
##########.....(###.#
..########.....(Ma..#
#............(#(#####
###########((.#.#
....... (Y.(((#.#
###############o#
'....<. #o# #######
#.# # #o# #


You could see a worker ant, an orc priest, an orc wizard and an orc.

Table legend:
 A = Turns spent in this place as a percentage of turns spent in the entire game.
 B = Non-inter-level travel turns spent in this place as a percentage of non-inter-level travel turns spent in the entire game.
 C = Inter-level travel turns spent in this place as a percentage of turns spent in this place.
 D = Turns resting spent in this place as a percentage of non-inter-level travel turns spent in this place.
 E = Turns spent auto-exploring this place as a percentage of non-inter-level travel turns spent in this place.
 F = Non-inter-level travel turns spent in this place divided by the number of levels of this place that you've seen.
                   A       B       C       D       E      F
               +-------+-------+-------+-------+-------+----------------------
         Total | 100.0 | 100.0 |   0.1 |   0.7 |   2.8 | 836.0
       Dungeon | 100.0 | 100.0 |   0.1 |   0.7 |   2.8 | 836.0
               +-------+-------+-------+-------+-------+----------------------

Table legend:
 A = Kills in this place as a percentage of kills in entire the game.
 B = Kills by you in this place as a percentage of kills by you in the entire game.
 C = Kills by friends in this place as a percentage of kills by friends in the entire game.
 D = Other kills in this place as a percentage of other kills in the entire game.
 E = Experience gained in this place as a percentage of experience gained in the entire game.
 F = Experience gained in this place divided by the number of levels of this place that you have seen.
                   A       B       C       D       E      F
               +-------+-------+-------+-------+-------+----------------------
         Total | 100.0 | 100.0 |  -nan |  -nan | 100.0 |  28.3
       Dungeon | 100.0 | 100.0 |  -nan |  -nan | 100.0 |  28.3
               +-------+-------+-------+-------+-------+----------------------

Vanquished Creatures
  3 adders (D:2)
  A worm (D:2)
  A giant gecko (D:4)
  5 bats
  A giant cockroach (D:2)
  3 goblins
  4 hobgoblins (D:2)
  2 jackals (D:1)
  4 kobolds
  4 giant newts
  5 rats
33 creatures vanquished.

Notes
Turn   | Place    | Note
--------------------------------------------------------------
     0 | D:1      | gw the Mummy Chaos Knight began the quest for the Orb.
     0 | D:1      | Reached XP level 1. HP: 18/18 MP: 1/1
   291 | D:1      | Reached XP level 2. HP: 24/24 MP: 2/2
   413 | D:1      | XOM: harmless Air miscast
   556 | D:1      | XOM: scenery: create altars
   924 | D:2      | Reached XP level 3. HP: 13/29 MP: 3/3
  1377 | D:2      | Reached skill level 1 in Throwing
  1551 | D:2      | XOM: colour smoke trail
  1564 | D:2      | XOM: harmless Hex miscast
  1923 | D:2      | You fall through a shaft for 2 floors!
  1947 | D:4      | XOM: silly message
  1971 | D:4      | XOM: noise
  2035 | D:4      | Noticed an ice beast
  2035 | D:4      | XOM: confuse monster(s)
  2046 | D:4      | XOM: noise
  2063 | D:4      | Killed from afar by an orc priest

Action                   || total
-------------------------++-------
Melee: Mace              ||    85
Throw: Stone             ||    80
       Javelin           ||    25
  Use: Scroll            ||     2
 Stab: Paralysed         ||     1

Vault maps used:
D:1:      kilobyte_arrival_exit_the_forest, minmay_misc_feat_hallway
D:2:      nicolae_ru_path_of_blood
D:4:      minmay_temple_entry_glassed_door, first_bread
